 Dungeon Crawl Stone Soup version 0.31-a0-188-g5e087ee2ca (webtiles) character file.

Game seed: 7169381250575686540

292 qw the Skirmisher (level 6, -1/35 HPs)
             Began as a Deep Elf Hunter on June 22, 2023.
             Slain by a kobold brigand
             ... wielding a +0 whip
              (3 damage)
             ... on level 3 of the Dungeon.
             The game lasted 00:01:09 (1874 turns).

qw the Skirmisher (Deep Elf Hunter)                 Turns: 1874, Time: 00:01:09

Health: -1/35      AC:  5    Str: 10    XL:     6   Next: 10%
Magic:  0/8        EV:  6    Int: 14    God:
Gold:   71         SH:  0    Dex: 18    Spells: 5/5 levels left

rFire   . . .        Y - +0 shortbow
rCold   . . .        (shield currently unavailable)
rNeg    . . .        b - +0 ring mail
rPois   .            (no helmet)
rElec   .            (no cloak)
rCorr   .            (no gloves)
SInv    .            (no boots)
Will    .....        i - amulet of guardian spirit
Stlth   +            (no ring)
HPRegen 0.25/turn    (no ring)
MPRegen 0.11/turn

%: guardian spirit
@: about to teleport, held, slowed, very slow
A: no striking features
a: no special abilities


You were on level 3 of the Dungeon.
You visited 1 branch of the dungeon, and saw 3 of its levels.

You collected 71 gold pieces.


   Skills:
 - Level 2.1 Fighting
 + Level 9.4 Ranged Weapons
 - Level 2.4 Dodging
 - Level 1.2 Stealth


You had 5 spell levels left.
You didn't know any spells.
Your spell library was empty.

Inventory:

Hand Weapons
 Y - a +0 shortbow (weapon)
Armour
 b - a +0 ring mail (worn)
Jewellery
 i - an amulet of guardian spirit (around neck)
Scrolls
 f - 3 scrolls of teleportation
Potions
 a - a potion of enlightenment {unknown}
 h - 2 potions of might
 k - a potion of berserk rage {unknown}

Dungeon Overview and Level Annotations

Branches:
Dungeon (3/15)

Altars:
Uskayaw

Shops:
D:1 (


Message History

You shoot an arrow. The arrow barely misses the gnoll.
The arrow hits the gnoll!
The gnoll is severely wounded.
The kobold brigand throws a curare-tipped dart.
The curare-tipped dart hits you.
You are poisoned.
You have difficulty breathing.
You feel yourself slow down.
You shoot an arrow. The arrow hits the gnoll!
The gnoll is severely wounded.
You feel very sick.
The gnoll throws a throwing net.
The throwing net hits you.
You become entangled in the net!
The kobold brigand throws a curare-tipped dart.
The curare-tipped dart barely misses you.
You struggle against the net.
You feel sick.
You struggle against the net.
You feel sick. The gnoll hits you but does no damage.
The gnoll hits you from afar with a +0 spear.
The gnoll hits you with a +0 club!
The gnoll hits you with a +0 short sword.
The gnoll hits you with a +0 club.
The gnoll hits you from afar with a +0 spear.
You struggle against the net.
You feel sick.
The gnoll hits you with a +0 short sword.
The gnoll completely misses you.
You struggle against the net.
You feel sick.
The gnoll hits you with a +0 short sword.
The gnoll completely misses you.
The kobold brigand hits you with a +0 whip.
The gnoll hits you with a +0 short sword.
The gnoll closely misses you.
1874 ||| READING 4 scrolls of teleportation.
As you read the scroll of teleportation, it crumbles to dust.
You feel strangely unstable.
You feel sick.
You are no longer poisoned.
The kobold brigand hits you with a +0 whip.
You die...

# # .#. . #.# . #)# #
### #.# # #### ##(## #.#
# ...##.#.###.# #
#.#.###.##.# ##### #g@##
##...# )....
.....gK#######.#########
...).
......g..........)......
~~~~~
...~o~~~~~~~~~~~~~~~~~..
~~~~~
...~~~~~~~~~~~~~~~~~~~..
~~~~~
...~~~~~~~~~~~)#####~~..
.?.%.
..%............#...#~~..
#####
'''#############...#~~P.
#'###~~..


You could see a kobold brigand, 3 gnolls and an orc.

Vanquished Creatures
  A howler monkey (D:3)
  2 hounds (D:3)
  Ijyb (D:3)
  3 gnolls (D:3)
  3 adders
  An ufetubus (D:3)
  3 worms (D:2)
  5 dart slugs
  6 orcs (D:3)
  4 ball pythons (D:2)
  An endoplasm (D:1)
  3 giant cockroaches
  9 goblins
  5 hobgoblins
  16 jackals
  5 kobolds
  2 quokkas
  4 bats
  4 frilled lizards
  8 rats
86 creatures vanquished.

Notes
Turn   | Place    | Note
-------+----------+-------------------------------------------
     0 | D:1      | qw the Deep Elf Hunter began the quest for the Orb.
     0 | D:1      | Reached XP level 1. HP: 12/12 MP: 3/3
     0 | D:1      | 0 ||| qw: Version: 0.3-a-9-g12657ce
     0 | D:1      | 0 ||| qw: Game counter: 2809
     0 | D:1      | 0 ||| qw: Always use a shield: true
     0 | D:1      | 0 ||| qw: God list: Okawaru
     0 | D:1      | 0 ||| qw: Allow faded altars: false
     0 | D:1      | 0 ||| qw: Do Orc after D:15 true
     0 | D:1      | 0 ||| qw: Do second Lair branch before Depths: true
     0 | D:1      | 0 ||| qw: Lair rune preference: random
     0 | D:1      | 0 ||| qw: Plans: Normal
     0 | D:1      | 0 ||| PLANNING D:1-11
   170 | D:1      | Reached XP level 2. HP: 16/16 MP: 4/4
   175 | D:1      | Reached skill level 6 in Ranged Weapons
   308 | D:1      | Found Dutent's Weapon Emporium.
   542 | D:1      | 542 ||| UPGRADING to amulet of guardian spirit.
   547 | D:1      | 547 ||| READING scroll labelled TYFOOSTABO.
   548 | D:1      | 548 ||| READING 4 scrolls labelled TYZAEK DATWEAN.
   552 | D:1      | 552 ||| READING scroll labelled NOISUN VALATA.
   553 | D:1      | 553 ||| DRINKING 2 bubbling grey potions.
   606 | D:1      | 606 ||| DRINKING 3 fuming inky potions.
   607 | D:1      | 607 ||| DROPPING scroll of butterflies.
   608 | D:1      | 608 ||| DROPPING potion of lignification.
   628 | D:2      | You fall into a shaft and drop 1 floor!
   636 | D:3      | Reached XP level 3. HP: 20/20 MP: 5/5
   709 | D:3      | 709 ||| DRINKING 2 silvery potions.
   714 | D:3      | Reached skill level 7 in Ranged Weapons
   842 | D:2      | Found a hide-covered altar of Uskayaw.
   885 | D:2      | 885 ||| READING scroll labelled UTWOBR QUVORCHIAMI.
   893 | D:2      | 893 ||| STAIRDANCE
  1015 | D:2      | Reached XP level 4. HP: 25/25 MP: 6/6
  1043 | D:2      | 1043 ||| FLEEEEING.
  1044 | D:2      | 1044 ||| FLEEEEING.
  1045 | D:2      | 1045 ||| FLEEEEING.
  1046 | D:2      | 1046 ||| STAIRDANCE
  1056 | D:1      | 1056 ||| UPGRADING to +0 ring mail.
  1066 | D:1      | 1066 ||| DROPPING +0 leather armour.
  1540 | D:2      | 1540 ||| READING scroll labelled KAV KI AWUHUE.
  1580 | D:3      | Reached skill level 8 in Ranged Weapons
  1681 | D:3      | Reached XP level 5. HP: 21/29 MP: 3/7
  1681 | D:3      | 1681 ||| FLEEEEING.
  1682 | D:3      | 1682 ||| FLEEEEING.
  1683 | D:3      | 1683 ||| FLEEEEING.
  1684 | D:3      | 1684 ||| FLEEEEING.
  1685 | D:3      | 1685 ||| FLEEEEING.
  1686 | D:3      | 1686 ||| FLEEEEING.
  1687 | D:3      | 1687 ||| FLEEEEING.
  1768 | D:3      | Reached skill level 9 in Ranged Weapons
  1819 | D:3      | Noticed Ijyb
  1831 | D:3      | 1831 ||| DRINKING potion of curing.
  1831 | D:3      | 1831 ||| (to cure confusion)
  1840 | D:3      | Killed Ijyb
  1841 | D:3      | Reached XP level 6. HP: 35/35 MP: 8/8
  1873 | D:3      | HP: 7/35 [gnoll/+0 short sword (2)]
  1873 | D:3      | HP: 3/35 [gnoll/+0 short sword (3)]
  1874 | D:3      | 1874 ||| READING 4 scrolls of teleportation.
  1874 | D:3      | Slain by a kobold brigand

Levels and vault maps discovered:
D:1:      dpeg_arrival_connections, layout_basic, serial_shops, shop,
          minmay_cupped
D:2:      layout_basic, basic_altar, nicolae_wormholes
D:3:      lemuel_castle_with_subvaults [lemuel_castle_interior_carwin_3],
          layout_loops_cross, nrook_loot_triangle, serial_park_tiny_pond,
          uniq_ijyb

Skill      XL: |  1  2  3  4  5 |
---------------+----------------+-----
Ranged Weapons | 6 7 8 9 |  9.4
Fighting       | 2 |  2.1
Dodging        | |  2.4
Stealth        | |  1.2

Action                     |  1- 3 |  4- 6 || total
---------------------------+-------+-------++-------
   Fire: Shortbow          |   114 |   185 ||   299
    Use: Scroll            |     4 |     2 ||     6
         Potion            |     3 |     1 ||     4
 Armour: Leather armour    |    10 |       ||    10
         Ring mail         |       |    12 ||    12
  Dodge: Dodged            |    24 |    27 ||    51

Table legend:
 A = Non-vault XP
 B = Vault XP
 C = Vault XP percentage of total XP
 D = Non-vault monster count
 E = Vault monster count
 F = Vault count percentage of total count
                 A         B        C        D         E       F
            +---------+---------+-------+---------+---------+-------
      Total |     141 |     277 |  66.3 |      56 |      30 |  34.9
            +---------+---------+-------+---------+---------+-------
        D:1 |      29 |       9 |  23.7 |      17 |       4 |  19.0
        D:2 |      73 |      10 |  12.0 |      29 |       2 |   6.5
        D:3 |      39 |     258 |  86.9 |      10 |      24 |  70.6
            +---------+---------+-------+---------+---------+-------
